[Event "*** Titled Tuesday Blitz"]
[Site "Chess.com"]
[Date "2021.02.16"]
[Round "2"]
[White "vugarrasulov"]
[Black "Rap_woyska"]
[Result "0-1"]
[WhiteElo "2768"]
[BlackElo "2517"]
[TimeControl "180+1"]
[EndTime "10:19:51 PST"]
[Termination "Rap_woyska won on time"]

1. e4 e6 2. d4 d5 3. Nd2 Be7 4. g3 dxe4 5. Nxe4 Nf6 6. Bg2 O-O 7. Ne2 Nbd7 8. O-O Nxe4 9. Bxe4 Nf6 10. Bg2 c5 11. c3 Qb6 12. dxc5 Bxc5 13. b4 Be7 14. Be3 Qc7 15. a4 e5 16. b5 Bg4 17. h3 Be6 18. a5 Rfd8 19. Qc2 Nd5 20. Bxa7 Qd7 21. b6 Bxh3 22.
Qe4 Bxg2 23. Qxg2 Qc6 24. Rfd1 Bc5 25. c4 Nb4 26. Nc3 Bd4 27. Nd5 Qxc4 28. Ne7+ Kf8 29. Rac1 Qe6 30. Qxb7 Qxe7 31. Qe4 Qf6 32. Rd2 h5 33.
Kg2 g6 34. Rc7 Kg7 35. Rc4 Nd5 36. Rdc2 Ne7 37. Rc7 Nf5 38. R7c6 Qg5 39. Rc7 h4 40.
g4 Nh6 41. f3 Ng8 42. Re2 Nf6 43. Qc6 h3+ 44. Kxh3 Rh8+ 45. Kg2 Qf4 46. Rxf7+ Kxf7 47. Qb7+ Ke6 48. Qc6+ Ke7 49. Qb7+ Nd7 0-1

[Event "*** Titled Tuesday Blitz"]
[Site "Chess.com"]
[Date "2021.02.16"]
[Round "2"]
[White "GianmarcoVaR"]
[Black "SHIVACalypso"]
[Result "1-0"]
[WhiteElo "2647"]
[BlackElo "2345"]
[TimeControl "180+1"]
[EndTime "10:19:51 PST"]
[Termination "GianmarcoVaR won by checkmate"]

1. Nf3 Nf6 2. g3 e6 3. Bg2 d5 4.
O-O Be7 5. c4 O-O 6. d4 dxc4 7.
Qc2 a6 8. Qxc4 b5 9. Qc2 Bb7 10.
Bd2 Be4 11. Qc1 c6 12. e3 Nbd7 13. Nc3 Bg6 14. Nh4 Rc8 15. Nxg6 hxg6 16. Qd1 c5 17.
Bb7 Rb8 18. Bxa6 Qa5 19. Nd5 Qxa6 20. Nxe7+ Kh7 21. Qf3 Qd6 22. Nc6 Rb6 23. Na5 cxd4 24. exd4 Qxd4 25. Be3 Qxb2 26. Bxb6 Nxb6 27. Qb3 Qe5 28.
Rfe1 Qh5 29. Kg2 Nbd5 30. Qf3 Qh6 31. Nb3 g5 32. h3 Qg6 33. Rac1 Rd8 34. Red1 Ne4 35.
Nc5 Nd6 36. Kg1 Qh6 37. Ne4 f5 38. Nxd6 Rxd6 39. Kg2 Rd8 40. Rd3 Qf6 41. Rcd1 Rf8 42. R1d2 Kg6 43. Rb3 Rh8 44. Rxb5 Qe5 45. Rbxd5 exd5 46. Rxd5 Qf6 47. Qd3 Re8 48. Rd6 Re6 49. Rd5 Qe7 50.
Qxf5+ Kh6 51. h4 gxh4 52. Qh5# 1-0

[Event "*** Titled Tuesday Blitz"]
[Site "Chess.com"]
[Date "2021.02.16"]
[Round "2"]
[White "AsaHoffmann"]
[Black "biostatistician"]
[Result "0-1"]
[WhiteElo "2338"]
[BlackElo "2612"]
[TimeControl "180+1"]
[EndTime "10:19:51 PST"]
[Termination "biostatistician won by checkmate"]

1. d4 Nf6 2. Bg5 Ne4 3. Bf4 d5 4. f3 Nf6 5. e4 dxe4 6. Nc3 e3 7. Bc4 e6 8. Nge2 Nd5 9. Nxd5 exd5 10. Bd3 c5 11. c3 Nc6 12. Bxe3 c4 13. Bc2 Bd6 14. Qd2 Be6 15. Bf4 O-O 16. O-O b5 17. Bxd6 Qxd6 18. f4 f5 19. Kh1 a5 20. Ng1 b4 21.
Nf3 a4 22. Ne5 b3 23. Bd1 Nxe5 24. fxe5 Qd7 25. a3 h6 26. Bh5 Qe7 27. Rf2 Qg5 28.
Qe2 f4 29. Raf1 g6 30. Bf3 Rf7 31. h3 Raf8 32. Bg4 Bxg4 33. Qxg4 Qxg4 34. hxg4 g5 35. Rf3 Kg7 36. g3 Kg6 37. Kg2 h5 38. gxf4 gxf4 39. gxh5+ Kxh5 40. Kf2 Kg4 41. Rg1+ Kf5 42. Rh1 Rg7 43.
Rh5+ Ke4 44. e6 Rf5 45. Rh1 Rf8 46. Re1+ Kf5 47. Re5+ Kg4 48. Rxd5 Rh7 49. Re5 Rh2+ 50. Kg1 Rfh8 51. Rf1 f3 52. e7 Rg2# 0-1

[Event "*** Titled Tuesday Blitz"]
[Site "Chess.com"]
[Date "2021.02.16"]
[Round "2"]
[White "IljaJoke"]
[Black "TC2304"]
[Result "0-1"]
[WhiteElo "2523"]
[BlackElo "2330"]
[TimeControl "180+1"]
[EndTime "10:19:51 PST"]
[Termination "TC2304 won by resignation"]

1. e4 c5 2. Nf3 d6 3. d4 cxd4 4. Nxd4 Nf6 5. Nc3 a6 6. Be3 e5 7.
Nb3 Be7 8. f3 Be6 9. Qd2 h5 10.
Nd5 Bxd5 11. exd5 Nbd7 12. O-O-O O-O 13. Kb1 Rc8 14. c4 Nb6 15. Rc1 Nfd7 16. g4 f5 17. gxf5 Rxf5 18. Bd3 Rxf3 19. Rcf1 Rxf1+ 20. Rxf1 Nxc4 21.
Qe2 Nxe3 22. Qxe3 Nf6 23. Bf5 Rc4 24. Be6+ Kh8 25. Qg5 Rf4 26. Rg1 Qf8 27. Rc1 Qe8 28.
Rg1 Ng4 29. Rxg4 Bxg5 30. Rxg5 Kh7 31. Rg2 Kh6 32. Nc1 g5 33. Nd3 Rf1+ 34. Kc2 Qa4+ 35. Kc3 Qd4+ 36. Kc2 Qc4+ 37. Kd2 Qe4 38. Re2 Qh4 39.
h3 Rh1 40. Nf2 Qd4+ 41. Kc2 Rh2 42. Ng4+ hxg4 43. Rxh2 g3 44. Re2 g2 45. Rxg2 Qe4+ 46.
Kc3 Qxg2 47. Kb4 Qe4+ 48. Ka5 Qd4 49. b4 Kg6 50. a4 e4 51. b5 axb5 52. axb5 e3 53. b6 e2 54. h4 Qc5+ 55. Ka4 e1=Q 56. h5+ Kh6 0-1

[Event "*** Titled Tuesday Blitz"]
[Site "Chess.com"]
[Date "2021.02.16"]
[Round "2"]
[White "AlexeiShirov"]
[Black "L1m96"]
[Result "0-1"]
[WhiteElo "2831"]
[BlackElo "2534"]
[TimeControl "180+1"]
[EndTime "10:19:52 PST"]
[Termination "L1m96 won on time"]

1. e4 e5 2. Nf3 Nc6 3. Bb5 a6 4. Ba4 Nf6 5. O-O b5 6. Bb3 Be7 7. a4 Bb7 8. Nc3 O-O 9. axb5 axb5 10. Rxa8 Bxa8 11. d3 Na5 12. Nxe5 Nxb3 13. cxb3 b4 14. Na4 d5 15. Be3 dxe4 16. d4 Nd5 17. Qc2 Bd6 18. Qxe4 Re8 19. Qc2 Nxe3 20. fxe3 Bxe5 21.
dxe5 Qd5 22. Nc5 Rxe5 23. e4 Qxc5+ 24. Qxc5 Rxc5 25. Rd1 g6 26. Rd8+ Kg7 27. Rxa8 Rc1+ 28. Kf2 Rc2+ 29. Kf1 Rxb2 30. Ra7 c5 31. Rc7 Rc2 32. e5 Kf8 33. h4 h5 34. g3 Ke8 35.
Ke1 Rc3 36. Kf2 Kd8 37. Rxf7 Rxb3 38. Rf6 Rc3 39. Rxg6 b3 40. Rb6 c4 41. g4 hxg4 42. h5 Rc2+ 43. Kg3 b2 44. h6 Rc3+ 45. Kxg4 Rb3 46.
h7 b1=Q 47. h8=Q+ Kc7 48. Rxb3 cxb3 49. Qg7+ Kc6 50. Qf6+ Kb5 0-1

[Event "*** Titled Tuesday Blitz"]
[Site "Chess.com"]
[Date "2021.02.16"]
[Round "2"]
[White "fyall777"]
[Black "GadimbayliA"]
[Result "0-1"]
[WhiteElo "2519"]
[BlackElo "2849"]
[TimeControl "180+1"]
[EndTime "10:19:53 PST"]
[Termination "GadimbayliA won by checkmate"]

1. d4 d5 2. c4 e5 3. dxe5 d4 4. a3 Nc6 5. Nf3 Nge7 6. e3 Bg4 7. h3 Bxf3 8. Qxf3 Ng6 9. Qd5 Ngxe5 10. f4 Qh4+ 11. Ke2 Ng6 12. Qg5 Qxg5 13. fxg5 O-O-O 14. h4 Bd6 15. Nd2 dxe3 16. Kxe3 Bf4+ 17. Ke2 Nd4+ 18. Kf2 Bxd2 19. Bxd2 Nb3 20. Bc3 Nxa1 21. h5 Nf4 22.
g3 Ne6 23. Bh3 Nb3 24. h6 Nd4 25. hxg7 Rhg8 26. Bxe6+ Nxe6 27. Rxh7 Nxg5 28. Rh4 Ne6 29. Bf6 Nxg7 30. Bxd8 Kxd8 31. Rg4 Ke7 32. c5 Kf8 33. Rb4 b6 34. Ra4 Ne6 35. Rxa7 bxc5 36. Ra8+ Kg7 37.
Rxg8+ Kxg8 38. a4 c6 39. a5 Nc7 40. Kf3 Kg7 41. Kf4 Kf6 42. g4 Na6 43. b3 Nc7 44.
Ke4 Kg5 45. Ke5 Na6 46. Kd6 Kxg4 47. Kxc6 f5 48. Kb6 f4 49. Kxa6 f3 50. Kb7 f2 51.
a6 f1=Q 52. a7 Qb5+ 53. Ka8 Qc6+ 54. Kb8 Qb6+ 55. Ka8 Qc7 56. b4 Qc8# 0-1

[Event "*** Titled Tuesday Blitz"]
[Site "Chess.com"]
[Date "2021.02.16"]
[Round "2"]
[White "MPGM"]
[Black "julinha97"]
[Result "0-1"]
[WhiteElo "2604"]
[BlackElo "2264"]
[TimeControl "180+1"]
[EndTime "10:19:53 PST"]
[Termination "julinha97 won by checkmate"]

1. c4 e5 2. Nc3 Nf6 3. g3 d5 4.
cxd5 Nxd5 5. Bg2 Nb6 6. Nf3 Nc6 7. O-O Be7 8. Rb1 O-O 9. b4 f6 10. b5 Nd4 11. a4 a5 12. bxa6 Rxa6 13. e3 Nxf3+ 14.
Qxf3 c6 15. Rd1 Nxa4 16. Bf1 Ra8 17. Ra1 b5 18. Nxa4 Rxa4 19. Rxa4 bxa4 20. Qxc6 Bd7 21. Qc4+ Kh8 22. d4 Qc8 23. dxe5 fxe5 24. Bb2 Bf6 25.
Qxc8 Bxc8 26. Bb5 Bg4 27. Rd2 Ra8 28. Ba3 g6 29. Kg2 e4 30. h3 Bf3+ 31. Kh2 Rc8 32. g4 Be5+ 33. Kg1 Rb8 34. Be2 Rb1+ 35. Bf1 Ra1 36.
Bb2 Bxb2 37. Rxb2 a3 38. Rb8+ Kg7 39. Rb7+ Kh6 40. Ra7 Be2 41. Kh2 Bxf1 42. h4 g5 43.
h5 Bc4 44. Kg3 a2 45. Rc7 Rg1+ 46. Kh2 a1=Q 47. Rc6+ Kg7 48. h6+ Kf8 49. Rc8+ Ke7 50. Rc7+ Kd6 51. Rxc4 Rh1+ 52. Kg2 Qg1# 0-1

[Event "*** Titled Tuesday Blitz"]
[Site "Chess.com"]
[Date "2021.02.16"]
[Round "2"]
[White "kidagent"]
[Black "Susal_De_Silva"]
[Result "0-1"]
[WhiteElo "2302"]
[BlackElo "2630"]
[TimeControl "180+1"]
[EndTime "10:19:54 PST"]
[Termination "Susal_De_Silva won on time"]

1. e4 e5 2. Nf3 Nc6 3. Bb5 a6 4. Ba4 Nf6 5. O-O Be7 6. Re1 b5 7. Bb3 d6 8. c3 O-O 9. h3 Na5 10. Bc2 c5 11. d4 Nd7 12. Nbd2 exd4 13. cxd4 Nc6 14. d5 Nce5 15. Nf1 Bf6 16. Rb1 a5 17.
Bf4 Re8 18. Ng3 g6 19. Nxe5 Nxe5 20. b3 b4 21. Bd3 a4 22. Bb5 Bd7 23. Bxa4 Bxa4 24.
bxa4 Qa5 25. Bxe5 Bxe5 26. Qg4 Qxa4 27. Re2 c4 28. f4 Bd4+ 29. Kh2 c3 30. Nf5 Bg7 31.
Nxd6 Red8 32. e5 Bf8 33. Nxf7 Kxf7 34. Qe6+ Kg7 35. Qf6+ Kg8 36. e6 Bg7 37. Qf7+ Kh8 38. e7 Re8 39. d6 c2 40. Rbe1 Qd7 41. Rxc2 Qxd6 42. Rce2 Qf6 43. Qc4 Rab8 44. g3 Qc3 45. Qe6 Bf6 46. g4 Rxe7 47. Qd6 Rxe2+ 48. Rxe2 Rg8 49. g5 Bg7 50. Kg2 Qc4 51. Qe7 Qxf4 52. Rf2 Qc4 53. Rf7 Qd5+ 54. Kg3 Qxa2 55. Kg4 Qc4+ 0-1

[Event "*** Titled Tuesday Blitz"]
[Site "Chess.com"]
[Date "2021.02.16"]
[Round "2"]
[White "Tsyhanchuk_Stanislav"]
[Black "A-S-00"]
[Result "1-0"]
[WhiteElo "2488"]
[BlackElo "2299"]
[TimeControl "180+1"]
[EndTime "10:19:54 PST"]
[Termination "Tsyhanchuk_Stanislav won on time"]

1. e4 c5 2. Nf3 Nc6 3. d4 cxd4 4. Nxd4 Nf6 5. Nc3 e6 6. Nxc6 bxc6 7. e5 Nd5 8. Ne4 Qc7 9. f4 Qb6 10. a3 Be7 11. c4 Ne3 12. Qd3 Nf5 13. Be2 O-O 14. g4 Nd4 15. Be3 Nc2+ 16. Kf2 Nxe3 17. Qxe3 c5 18. f5 f6 19. Kg3 fxe5 20. Rhf1 d5 21. Nd2 e4 22. fxe6 d4 23. Qxe4 Bb7 24. Qd3 Qd6+ 25.
Kh3 Qxe6 26. Bf3 Qh6+ 27. Kg2 Bd6 28. h3 Qf4 29. Rf2 Qg3+ 30. Kf1 Qxh3+ 31. Ke2 Rae8+ 32.
Kd1 Bxf3+ 33. Rxf3 Qxg4 34. Kc2 Rxf3 35. Qxf3 Qxf3 36.
Nxf3 h6 37. Rg1 Re2+ 38. Kb1 Kf7 39. Nh4 Rf2 40. Ng2 g5 41. Ne1 Kg6 42. b4 cxb4 43.
c5 Bxc5 44. Nd3 Rf5 45. axb4 Bd6 46. Kc2 h5 47. Ra1 1-0

[Event "*** Titled Tuesday Blitz"]
[Site "Chess.com"]
[Date "2021.02.16"]
[Round "2"]
[White "IAgrest"]
[Black "Dave_ChessMate"]
[Result "1-0"]
[WhiteElo "2286"]
[BlackElo "2434"]
[TimeControl "180+1"]
[EndTime "10:19:54 PST"]
[Termination "IAgrest won on time"]

1. e4 c5 2. Nf3 Nc6 3. d4 cxd4 4. Nxd4 e5 5. Nb5 d6 6. N1c3 a6 7. Na3 b5 8. Nd5 Nge7 9. c4 Nxd5 10. exd5 Nd4 11. Nc2 Nxc2+ 12. Qxc2 g6 13. cxb5 Bg7 14. Qc6+ Bd7 15. Qxd6 axb5 16. Bd2 Qh4 17. Be2 e4 18. Bc3 Bxc3+ 19. bxc3 Qe7 20. Qxe7+ Kxe7 21. O-O Kd6 22.
c4 bxc4 23. Bxc4 f5 24. Rab1 Rhb8 25. g3 g5 26. Rfe1 Ke5 27. Bb3 f4 28. Rbc1 Rc8 29.
h3 Bxh3 30. Rc6 Bd7 31. Rh6 Bf5 32. d6 Rd8 33. Rd1 Ra5 34. Rd2 fxg3 35. fxg3 e3 36.
Re2 Kd4 37. Re1 Bd3 38. Rh5 Rf5 39. Rh6 Rdf8 40. d7 Rd8 41. Rd6+ Kc3 42. Rc1+ Kb4 43. Rxd3 Re5 44. Re1 e2 45. Kf2 Rf8+ 46. Rf3 Rd8 47. Rxe2 Rxe2+ 48. Kxe2 Rxd7 49. Rf7 Rd6 50. Rxh7 Re6+ 51.
Bxe6 1-0

[Event "*** Titled Tuesday Blitz"]
[Site "Chess.com"]
[Date "2021.02.16"]
[Round "2"]
[White "Politov_Pavel"]
[Black "esrosenberg"]
[Result "1-0"]
[WhiteElo "2402"]
[BlackElo "2106"]
[TimeControl "180+1"]
[EndTime "10:19:55 PST"]
[Termination "Politov_Pavel won by checkmate"]

1. e4 e5 2. Nf3 Nc6 3. d4 exd4 4. Nxd4 Nf6 5. Nc3 Bb4 6. Nxc6 bxc6 7. Qd4 Qe7 8. f3 h6 9. Bf4 Bxc3+ 10. Qxc3 O-O 11.
O-O-O d6 12. Qxc6 Bd7 13. Qxc7 Rfc8 14. Qxd6 Qe8 15. Kb1 Ba4 16. b3 Rd8 17. bxa4 Rxd6 18. Bxd6 Qxa4 19. Rd3 Rd8 20. e5 Ne8 21. Ra3 Rb8+ 22.
Rb3 Rxb3+ 23. axb3 Qd4 24. Bd3 Nxd6 25. exd6 Qxd6 26.
Re1 g6 27. g3 a5 28. Re4 Qc5 29. Bc4 Qg1+ 30. Kb2 Kf8 31. Re2 Qd4+ 32. c3 Qf6 33. f4 Qb6 34. Kc2 Qc5 35. Re5 Qf2+ 36. Re2 Qc5 37. Bd3 Qa3 38. Bc4 Qa2+ 39. Kd3 Qb1+ 40. Kd4 Qd1+ 41. Kc5 Qd7 42. Re5 Qc7+ 43.
Kd4 Qb6+ 44. Rc5 Qd6+ 45. Bd5 Qf6+ 46. Kc4 a4 47. Rc8+ Kg7 48. Rc7 Qb6 49. Rxf7+ Kh8 50. bxa4 Qa6+ 51. Kd4 Qb6+ 52. Ke5 Qe3+ 53. Kf6 Qxc3+ 54.
Kxg6 Qd4 55. Rh7# 1-0

[Event "*** Titled Tuesday Blitz"]
[Site "Chess.com"]
[Date "2021.02.16"]
[Round "2"]
[White "Lysiak_Poltorak"]
[Black "IsaacWiebe"]
[Result "1-0"]
[WhiteElo "2433"]
[BlackElo "2187"]
[TimeControl "180+1"]
[EndTime "10:19:56 PST"]
[Termination "Lysiak_Poltorak won on time"]

1. e4 e6 2. d4 d5 3. Bd3 dxe4 4. Bxe4 Nf6 5. Bf3 c5 6. Ne2 Nc6 7. Be3 cxd4 8. Nxd4 Ne5 9. Be2 a6 10. Nc3 Bb4 11. O-O O-O 12. Nf3 Qxd1 13. Rfxd1 Nxf3+ 14. Bxf3 Bxc3 15. bxc3 e5 16. Bg5 e4 17. Bxf6 exf3 18. Be7 Re8 19. gxf3 Bf5 20. Bg5 Rac8 21. Re1 f6 22.
Bd2 Bxc2 23. Rxe8+ Rxe8 24. Be3 Ba4 25. Bd4 Bc6 26. Kg2 Re2 27. Kg3 Kf7 28. a3 Ke6 29.
Rd1 Ra2 30. Bc5 Rc2 31. Rd6+ Kf7 32. Bb4 Re2 33. f4 Re6 34. Rd8 Re1 35. f5 Re8 36. Rd4 Re5 37. Kf4 Re2 38. f3 Rxh2 39. Rd8 g5+ 40.
fxg6+ hxg6 41. Rf8+ Kg7 42. Re8 Rh4+ 43. Kg3 g5 44.
Re7+ Kg6 45. Bd6 Rc4 46. Re3 Rh4 47. Be7 Kf7 48. Bd8 Rc4 49. Re7+ Kg6 50. Re6 Rf4 51.
Bc7 Rxf3+ 52. Kh2 Rxc3 53. Bd6 Rf3 54. Re7 1-0

[Event "*** Titled Tuesday Blitz"]
[Site "Chess.com"]
[Date "2021.02.16"]
[Round "2"]
[White "Grandelicious"]
[Black "JoakimVonAnd"]
[Result "1-0"]
[WhiteElo "2882"]
[BlackElo "2540"]
[TimeControl "180+1"]
[EndTime "10:19:57 PST"]
[Termination "Grandelicious won by resignation"]

1. Nf3 Nf6 2. g3 d5 3. Bg2 e6 4. O-O Be7 5. b3 O-O 6. Bb2 c5 7. c4 Nc6 8. cxd5 Nxd5 9. d4 cxd4 10. Nxd4 Nxd4 11. Qxd4 Bf6 12. Qd2 Nf4 13. gxf4 Qxd2 14. Nxd2 Bxb2 15. Rad1 Rb8 16. Nc4 Bf6 17. Rc1 b6 18.
Nd6 Ba6 19. Bf3 Rfd8 20. Ne4 Rd7 21. Rfd1 Rbd8 22. Rxd7 Rxd7 23. b4 Bb2 24. Rc2 Ba3 25.
b5 Bxb5 26. Rc8+ Bf8 27. Ng5 h6 28. Ne4 Ba6 29. Re8 Bc4 30. Nc3 g6 31. Rc8 Ba6 32. Ra8 Kg7 33. a4 Bc4 34. Rc8 Bb3 35. Bc6 Rd2 36. Rc7 Bb4 37. Ne4 Rd1+ 38. Kg2 a6 39. Be8 e5 40. fxe5 Bd5 41. f3 Kf8 42. Bc6 Bxc6 43.
Rxc6 b5 44. Rxa6 bxa4 45. Rxa4 Be7 46. Ra8+ Kg7 47. Ra7 Kf8 48. f4 Rd4 49. Kf3 Rb4 50.
Nf6 Rb8 51. Nd7+ 1-0

[Event "*** Titled Tuesday Blitz"]
[Site "Chess.com"]
[Date "2021.02.16"]
[Round "2"]
[White "crazy_but_lazy"]
[Black "RobertoJBM"]
[Result "1-0"]
[WhiteElo "2501"]
[BlackElo "2721"]
[TimeControl "180+1"]
[EndTime "10:19:57 PST"]
[Termination "crazy_but_lazy won on time"]

1. e4 c6 2. d4 d5 3. exd5 cxd5 4.
Bd3 Nc6 5. c3 g6 6. Bf4 Bh6 7. Qd2 Bxf4 8. Qxf4 Nf6 9. Nf3 Bg4 10.
O-O Bxf3 11. Qxf3 O-O 12. Re1 e6 13. Nd2 Kg7 14. Qf4 Qb8 15. Qxb8 Raxb8 16. a4 a6 17. h4 h5 18. Nb3 Nd7 19. f3 Kf6 20. Kf2 Rfc8 21.
g4 hxg4 22. fxg4 Rh8 23. Kg3 Ke7 24. Re2 Rh6 25. Nd2 Kd6 26. Nf3 Re8 27. Rd1 Re7 28. b3 Na5 29. Rb1 Rh8 30. c4 dxc4 31. bxc4 Nc6 32.
c5+ Kc7 33. Be4 Na5 34. Reb2 Rb8 35. Rb4 f5 36. Bd3 fxg4 37. Kxg4 Nf6+ 38. Kg5 Nd5 39. R4b2 Rf8 40. Be4 Nc3 41. Rxb7+ Nxb7 42. Rxb7+ Kd8 43.
Rb8+ Kd7 44. Rxf8 Nxe4+ 45. Kxg6 Kc7 46. Ne5 Ng3 47. Rf7 Rxf7 48. Kxf7 Nf5 49. h5 Nxd4 50. h6 1-0

[Event "*** Titled Tuesday Blitz"]
[Site "Chess.com"]
[Date "2021.02.16"]
[Round "2"]
[White "Unknown_IM"]
[Black "Goryachkina"]
[Result "0-1"]
[WhiteElo "2371"]
[BlackElo "2662"]
[TimeControl "180+1"]
[EndTime "10:19:57 PST"]
[Termination "Goryachkina won by resignation"]

1. e4 c5 2. Nf3 Nc6 3. Bb5 g6 4. Bxc6 dxc6 5. O-O Bg7 6. h3 Nf6 7. d3 Nd7 8. Nc3 e5 9. Be3 b6 10. Qc1 h6 11. a3 Nf8 12. b4 cxb4 13. axb4 Ne6 14.
b5 Bd7 15. bxc6 Bxc6 16. Qa3 g5 17. Rfb1 Qd7 18. Ne2 f6 19. Rd1 Kf7 20. c4 Qe7 21. Nc3 Qxa3 22. Rxa3 Nf4 23. Nd5 Rhd8 24. Rda1 Bxd5 25.
exd5 Rd7 26. Bxb6 a6 27. Ne1 Bf8 28. Rxa6 Rxa6 29. Rxa6 f5 30. Be3 e4 31. Bxf4 gxf4 32. Kf1 Bb4 33. Ke2 Bxe1 34. Kxe1 Rb7 35. dxe4 fxe4 36. Ra2 Rb1+ 37. Ke2 Rc1 38. Ra7+ Kf6 39. Ra6+ Ke5 40. Rxh6 Rxc4 41. Rh5+ Kd4 42. Rf5 Rc2+ 43. Kd1 Rxf2 44. d6 Ke3 45. d7 Rd2+ 46. Ke1 Rxd7 47. h4 Ra7 48. Kd1 Ra1+ 49. Kc2 Ra2+ 50. Kc3 Rxg2 51.
h5 Rh2 52. Kc4 f3 53. Kd5 f2 54. Ke5 Rxh5 0-1

[Event "*** Titled Tuesday Blitz"]
[Site "Chess.com"]
[Date "2021.02.16"]
[Round "2"]
[White "erdni1993"]
[Black "norwaytoadog"]
[Result "1-0"]
[WhiteElo "2468"]
[BlackElo "2269"]
[TimeControl "180+1"]
[EndTime "10:19:58 PST"]
[Termination "erdni1993 won on time"]

1. d4 d5 2. Nf3 Nf6 3. e3 e6 4. c4 b6 5. Nc3 Bb7 6. Bd3 Nbd7 7. O-O a6 8. Re1 dxc4 9. Bxc4 Be7 10. a4 O-O 11. Bb3 c5 12. Bc2 cxd4 13. Nxd4 Ne5 14. Qe2 Rc8 15. Bd2 Nc4 16. Bd3 Nxb2 17. Bxa6 Bxa6 18.
Qxa6 Nc4 19. Nb1 Qd5 20. Bc3 Rc5 21. Nb3 Ra8 22. Nxc5 Rxa6 23. Nxa6 Ne4 24. Nb4 Qd6 25.
Na2 Nxf2 26. Bb4 Qe5 27. Bc3 Qf5 28. Nd2 Nxd2 29. Bxd2 Ne4 30. Bb4 Qf2+ 31. Kh1 Bxb4 32.
Nxb4 Qh4 33. Nd3 h5 34. Rac1 Qg4 35. Kg1 h4 36. h3 Qg3 37. Re2 Ng5 38. Nf4 Nf3+ 39.
Kf1 Nh2+ 40. Kg1 Nf3+ 41. Kf1 Ng5 42. Rc8+ Kh7 43. Rc4 e5 44. Nd5 Nxh3 45. gxh3 Qxh3+ 46. Ke1 Qh1+ 47. Kd2 Qxd5+ 48. Kc3 g5 49. Rd2 1-0

[Event "*** Titled Tuesday Blitz"]
[Site "Chess.com"]
[Date "2021.02.16"]
[Round "2"]
[White "lilleper1"]
[Black "eldur16"]
[Result "1-0"]
[WhiteElo "2838"]
[BlackElo "2515"]
[TimeControl "180+1"]
[EndTime "10:19:59 PST"]
[Termination "lilleper1 won on time"]

1. d4 d6 2. e4 Nf6 3. Nc3 g6 4. Be3 a6 5. Qd2 b5 6. f3 Nbd7 7. g4 Nb6 8. a3 h5 9. g5 Nfd7 10. Nh3 Bg7 11. Nf4 e5 12. dxe5 Nxe5 13. Qf2 Nbc4 14.
Bxc4 Nxc4 15. Bd4 Ne5 16. Ncd5 Bb7 17. O-O-O O-O 18. Rhg1 Bxd5 19. Nxd5 c5 20. Bxc5 dxc5 21. Nf6+ Bxf6 22. Rxd8 Bxd8 23. f4 Nc4 24. f5 Bc7 25. Rd1 Rad8 26. Rxd8 Rxd8 27. fxg6 fxg6 28. Qf6 Rd6 29.
Qe7 Bd8 30. Qe8+ Kg7 31. b3 Bxg5+ 32. Kb1 Nxa3+ 33. Ka2 Nxc2 34. Qe5+ Rf6 35. Qxg5 Nb4+ 36. Kb2 Rf2+ 37. Kc1 Nd3+ 38. Kb1 c4 39. bxc4 bxc4 40. Qe7+ Kh6 41. Qc7 Rb2+ 42. Ka1 Rc2 43. e5 c3 44. e6 Rc1+ 45. Ka2 Nb4+ 46. Kb3 Rb1+ 47. Ka4 c2 48. e7 c1=Q 49. Qxc1+ Rxc1 50. e8=Q Nc6 51. Qh8+ Kg5 52. h3 Kh4 53. Qf6+ g5 54. Qf2+ Kxh3 55. Qe3+ 1-0

[Event "*** Titled Tuesday Blitz"]
[Site "Chess.com"]
[Date "2021.02.16"]
[Round "2"]
[White "ural58"]
[Black "ChessQueen"]
[Result "1-0"]
[WhiteElo "2512"]
[BlackElo "2732"]
[TimeControl "180+1"]
[EndTime "10:19:59 PST"]
[Termination "ural58 won by resignation"]

1. e4 c6 2. b3 d5 3. Qe2 e6 4. Bb2 Nf6 5. e5 Nfd7 6. f4 b6 7. h4 Ba6 8. d3 c5 9. h5 h6 10. Nf3 Nc6 11. g4 Be7 12. f5 Qc7 13. fxe6 fxe6 14.
Nbd2 O-O-O 15. O-O-O Rhf8 16. Bh3 Rde8 17. Rde1 Kb8 18.
Rhf1 Nd8 19. Kb1 Nf7 20. g5 Bxg5 21. Nxg5 Nxg5 22. Bg4 Rxf1 23. Rxf1 Rf8 24. Rg1 Rf4 25. a4 c4 26. dxc4 dxc4 27. b4 c3 28. Qxa6 cxd2 29.
Qd3 Rxb4 30. Qxd2 a5 31. Be2 Nxe5 32. Rf1 Ne4 33. Qe3 Nc3+ 34. Kc1 Nxe2+ 35. Qxe2 Nc4 36. Rf8+ Ka7 37. Qf3 b5 38. Rf7 Qxf7 39. Qxf7+ Kb6 40. Bd4+ Kc6 41. Qxe6+ Nd6 42. axb5+ Rxb5 43. Bxg7 Rxh5 44. Bxh6 Rd5 45. Bf4 Kc5 46. Bxd6+ Rxd6 47. Qb3 Rb6 48. Qe3+ Kb5 49. c3 Rc6 50. Qd3+ Kb6 51. Kc2 Rc5 52.
Qd6+ Kb5 53. Qd7+ Kb6 54. Kb3 Rb5+ 55. Ka3 Rc5 56. Qd4 Kb5 57. Qa4+ Kb6 58. c4 Rc6 59. Qb5+ Kc7 60. Qxa5+ Kd6 61. Qd5+ 1-0

[Event "*** Titled Tuesday Blitz"]
[Site "Chess.com"]
[Date "2021.02.16"]
[Round "2"]
[White "Sokoloco"]
[Black "Harry_Rakkel"]
[Result "1-0"]
[WhiteElo "2472"]
[BlackElo "2682"]
[TimeControl "180+1"]
[EndTime "10:19:59 PST"]
[Termination "Sokoloco won on time"]

1. b3 e5 2. Bb2 d6 3. e3 Nd7 4. d4 Ngf6 5. Nf3 Qe7 6. c4 g6 7. Be2 Bg7 8. Nc3 O-O 9. O-O e4 10. Nd2 Re8 11. Qc2 h5 12. Rae1 c5 13. d5 a6 14. a4 Bh6 15. Bd1 Nf8 16. f4 exf3 17.
Bxf3 N8h7 18. e4 Ng4 19. Nd1 Qh4 20. Bxg4 hxg4 21. Qc3 Re5 22. Ne3 Bd7 23. g3 Qh3 24. Rf2 Rae8 25. Ng2 g5 26. Ref1 R8e7 27. Ne3 Bg7 28. Nf5 Bxf5 29. Rxf5 Qh6 30. Rxe5 Rxe5 31. Qe3 Re7 32. Bxg7 Qxg7 33. Qf3 Qd4+ 34. Qf2 Qd3 35. Qf5 Qe3+ 36. Qf2 Qd3 37. Kg2 Nf8 38. Re1 Ng6 39. Re3 Qd4 40. Re2 Qc3 41. Qe3 Qh8 42. Qxg5 Qc3 43.
Qe3 Qc1 44. Nf1 Qxe3 45. Rxe3 Ne5 46. Nd2 b5 47. cxb5 axb5 48. axb5 Rb7 49. Nc4 Rxb5 50. Nxd6 Rb4 51. Nf5 Nf3 52. Nh6+ Kg7 53. Nxg4 1-0

[Event "*** Titled Tuesday Blitz"]
[Site "Chess.com"]
[Date "2021.02.16"]
[Round "2"]
[White "KubaGepard"]
[Black "elcandado"]
[Result "0-1"]
[WhiteElo "2387"]
[BlackElo "2665"]
[TimeControl "180+1"]
[EndTime "10:19:59 PST"]
[Termination "elcandado won by resignation"]

1. d4 Nf6 2. Nf3 d5 3. Bf4 e6 4. e3 Bd6 5. c3 O-O 6. Bg3 Qe7 7.
Nbd2 Nc6 8. Bb5 Nd7 9. O-O e5 10. Bxc6 bxc6 11. dxe5 Nxe5 12. Nxe5 Bxe5 13. Bxe5 Qxe5 14.
Nf3 Qe7 15. Rc1 a5 16. c4 Rd8 17. Qc2 dxc4 18. Nd4 Qf6 19. Rfd1 Ba6 20. Qe4 Bb5 21. b3 cxb3 22. axb3 Re8 23. Qf3 Qxf3 24. gxf3 a4 25. bxa4 Bxa4 26. Rd3 g6 27. Rdc3 Ra6 28. Nxc6 Bxc6 29.
Rxc6 Rxc6 30. Rxc6 Rc8 31. f4 Kf8 32. f5 Ke7 33. fxg6 hxg6 34. Kg2 Kd7 35. Rc4 c5 36. Kf3 Kd6 37. Ke2 Rh8 38. h4 Kd5 39. Ra4 Rb8 40.
Rf4 Ke6 41. Kd3 Rb2 42. Kc4 Rc2+ 43. Kb5 Rc1 44. Re4+ Kd5 45. Rf4 Rb1+ 46. Ka4 f5 47. h5 gxh5 48. Rxf5+ Kc4 49. Rf4+ Kc3 50. e4 c4 51. e5 Re1 52. Rf5 Kd3 53. Rxh5 c3 54. Rh3+ Kd2 55. f4 c2 56. Rh2+ Kd1 57. Rxc2 Kxc2 58.
Kb5 Kd3 59. Kc6 Ke4 60. e6 Kf5 61. Kd7 Rxe6 0-1

[Event "*** Titled Tuesday Blitz"]
[Site "Chess.com"]
[Date "2021.02.16"]
[Round "2"]
[White "jacky72"]
[Black "Elprofessor21"]
[Result "1-0"]
[WhiteElo "2699"]
[BlackElo "2446"]
[TimeControl "180+1"]
[EndTime "10:20:00 PST"]
[Termination "jacky72 won on time"]

1. d4 Nf6 2. c4 e6 3. Nf3 d5 4.
Nc3 Be7 5. Bg5 O-O 6. cxd5 exd5 7. Qc2 h6 8. Bh4 c6 9. e3 Nbd7 10. Bd3 Re8 11. h3 Ne4 12. Bxe7 Qxe7 13. Bxe4 dxe4 14.
Nd2 f5 15. O-O Nf6 16. Rab1 Be6 17. b4 a6 18. Na4 Rad8 19. Nc5 Bd5 20. a4 Nh5 21. b5 axb5 22. axb5 f4 23. bxc6 bxc6 24. Rb7 Qh4 25. Ra1 f3 26. gxf3 Rd6 27. Ndxe4 Qxh3 28. Nd2 Ng3 29. fxg3 Qxg3+ 30. Kf1 Rg6 31. Ke2 Qh2+ 32.
Kd3 Rg2 33. Nce4 Bxe4+ 34. fxe4 Qh4 35. Raa7 Rg6 36. Qc4+ Kh7 37. Qc5 Rg8 38. Qf5 Qh1 39. Rc7 Qh4 40. Rxc6 Qg5 41. Qxg5 hxg5 42. Rxg6 Kxg6 43. Ra6+ Kh5 44. e5 g4 45. Ne4 Kh4 46. Ra1 g3 47. Rg1 g5 48. Rxg3 g4 49. e6 Rg6 50. d5 Rh6 51. Kd4 Rh7 52. Rxg4+ 1-0